 Dungeon Crawl Stone Soup version 0.20.1-1-g8b1a95d (webtiles) character file.

112856 Andry07 the Warrior (level 16, 0/112 HPs)
             Began as a Gargoyle Fighter on Oct 7, 2017.
             Was the Champion of Okawaru.
             Slain by ikselatri's ghost (26 damage)
             ... on level 4 of the Swamp.
             The game lasted 01:21:26 (25879 turns).

Andry07 the Warrior (Gargoyle Fighter)             Turns: 25879, Time: 01:21:27

Health: 0/112      AC: 34    Str: 27    XL:     16   Next: 61%
Magic:  22/22      EV: 11    Int: 15    God:    Okawaru [******]
Gold:   1552       SH: 14    Dex: 10    Spells: 15/15 levels left

rFire    x . .     SeeInvis .   T - +5 demon whip (freeze)
rCold    + + .     Gourm    .   c - +0 shield
rNeg     + + .     Faith    .   x - +0 ice dragon scales
rPois    ∞         Spirit   .   b - +0 helmet
rElec    +         Reflect  .   O - +0 cloak
rCorr    +         Harm     .   j - +0 pair of gloves
MR       +....                  W - +0 pair of boots of Insurance {rF- Regen+ rCorr Int+7}
Stlth    ..........             A - amulet of regeneration
Regen    1.1/turn               M - +2 ring of evasion
MPRegen  0.2/turn               Q - ring of positive energy

@: flying
A: big wings, yellow scales 1, fire resistance 1, negative energy resistance 1,
electricity resistance, unbreathing, petrification resistance, rot immunity, AC
+11
a: Stop Flying, Heroism, Finesse, Renounce Religion


You were on level 4 of the Swamp.
You worshipped Okawaru.
Okawaru was exalted by your worship.
You were very hungry.

You visited 4 branches of the dungeon, and saw 22 of its levels.

You collected 1950 gold pieces.
You spent 398 gold pieces at shops.

Inventory:

Hand Weapons
 i - a +2 triple sword of slicing
 I - the +5 morningstar of Jig Hoji {drain, rF+ Int-3 Dex+3}
   (Okawaru gifted it to you on level 5 of the Lair of Beasts)

   A truly terrible weapon, it drains the life of those it strikes.
   It affects your intelligence (-3).
   It affects your dexterity (+3).
   It protects you from fire.
 T - a +5 demon whip of freezing (weapon)
Missiles
 l - 7 poisoned javelins (quivered)
Armour
 b - a +0 helmet (worn)
 c - a +0 shield (worn)
 j - a +0 pair of gloves (worn)
 x - +0 ice dragon scales (worn)
 O - a +0 cloak (worn)
 W - the +0 pair of boots of Insurance (worn) {rF- Regen+ rCorr Int+7}
   (Okawaru gifted it to you on level 6 of the Lair of Beasts)

   It affects your intelligence (+7).
   It makes you vulnerable to fire.
   It increases your rate of regeneration.
   It protects you from acid and corrosion.
 X - a +0 plate armour
Jewellery
 A - an amulet of regeneration (around neck)
 L - an uncursed ring of protection from fire
 M - a +2 ring of evasion (left hand)
 Q - a ring of positive energy (right hand)
Wands
 J - a wand of lightning (10/15)
 K - a wand of disintegration (14/24)
 R - a wand of digging (21/24)
 S - a wand of paralysis (7/24)
 Z - a wand of flame (23/48)
Scrolls
 e - 5 scrolls of teleportation
 k - 7 scrolls of blinking
 m - a scroll of fog
 n - a scroll of holy word
 o - 3 scrolls of amnesia
 p - 14 scrolls of remove curse
 r - 2 scrolls of immolation
 s - 5 scrolls of enchant armour
 v - 5 scrolls of enchant weapon
 y - a scroll of fear
 D - a scroll of magic mapping
 F - 2 scrolls of recharging
Potions
 a - 3 potions of lignification
 d - 4 potions of might
 h - 3 potions of ambrosia
 t - 3 potions of invisibility
 u - 4 potions of heal wounds
 w - a potion of resistance
 z - 4 potions of brilliance
 B - 8 potions of curing
 C - 3 potions of agility
 E - a potion of cancellation
 H - 2 potions of mutation
 N - 4 potions of haste
 P - a potion of magic
Miscellaneous
 G - a lamp of fire
 V - a lightning rod (4/4)
Comestibles
 f - 9 bread rations
 g - 12 meat rations
 q - 28 royal jellies
 Y - 9 fruits


   Skills:
 - Level 17.1 Fighting
 - Level 15.1 Maces & Flails
 - Level 13.4 Armour
 + Level 14.0 Shields
 - Level 8.1 Invocations


You had 15 spell levels left.
You didn't know any spells.

Dungeon Overview and Level Annotations

Branches:
Dungeon (11/15)            Temple (1/1) D:6            Lair (6/6) D:9
  Swamp (4/4) Lair:4       Spider (0/4) Lair:2        Slime (0/5) Lair:5
    Orc: D:9-12

Altars:
Ashenzari
Cheibriados
Dithmenos
Elyvilon
Fedhas
Gozag
Hepliaklqana
Kikubaaqudgha
Makhleb
Nemelex Xobeh
Okawaru
Qazlal
Ru
Sif Muna
Trog
Uskayaw
Vehumet
Xom
Yredelemnul
Zin
The Shining One

Shops:
D:4 !   D:10 *

Annotations:
D:10 Maurice
Swamp:4 ikselatri's ghost, adept MiBe


Innate Abilities, Weirdness & Mutations

You are resistant to torment.
Your stone body is resilient. (AC +11)
You are immune to poison.
Your large and strong wings let you fly indefinitely.
You resist negative energy. (rN+)
You are resistant to electric shocks. (rElec)
You can survive without breathing.
You are immune to petrification.
You are immune to rotting.
You are partially covered in yellow scales. (AC +2)
Your flesh is heat resistant. (rF+)


Message History

Ikselatri's ghost is almost destroyed.
You hit ikselatri's ghost but do no damage.
Ikselatri's ghost is almost destroyed.
Ikselatri's ghost hits you!! Ikselatri's ghost freezes you.
You hit ikselatri's ghost but do no damage.
Ikselatri's ghost is almost destroyed.
You hit ikselatri's ghost but do no damage.
Ikselatri's ghost is almost destroyed.
Ikselatri's ghost hits you!! Ikselatri's ghost freezes you.
* * * LOW HITPOINT WARNING * * *
You hit ikselatri's ghost. You freeze ikselatri's ghost.
Ikselatri's ghost is almost destroyed.
You hit ikselatri's ghost but do no damage.
Ikselatri's ghost is almost destroyed.
Ikselatri's ghost hits you!
* * * LOW HITPOINT WARNING * * *
Ikselatri's ghost freezes you.
* * * LOW HITPOINT WARNING * * *
Ikselatri's ghost hits you!!
You die...

♣♣♣♣♣♣♣♣♣♣♣♣
♣.≈≈.≈♣♣≈.≈♣♣
♣♣♣♣≈≈≈≈.......♣
♣.......≈≈≈≈..≈♣
♣.......≈≈≈§≈.♣♣♣
♣≈§...♣.≈≈≈≈≈≈.≈♣
♣♣≈≈≈≈≈...≈≈.≈≈≈.♣
♣≈.≈≈≈≈≈≈≈.@W.≈.♣♣
♣≈..≈≈≈≈≈≈≈....♣♣
♣♣≈....§≈..≈≈≈≈.♣
♣≈≈≈≈......≈≈≈.♣♣
♣♣.≈≈≈..≈..≈≈≈♣♣
♣♣.≈≈.......≈♣
♣.≈≈≈≈≈≈.§.♣♣
♣♣≈≈≈≈≈.≈≈.♣
♣♣♣♣≈≈≈≈≈≈♣


You could see ikselatri's ghost.

Vanquished Creatures
  A thorn hunter (Swamp:2)
  The ghost of Lysie the Warrior, a journeyman MiFi of Ru (Lair:6)
  2 dire elephants
  The ghost of Voland the Thaumaturge, a journeyman DEWz of Vehumet (Lair:6)
  14 hydras
  An ice dragon (Lair:5)
  Erica (D:10)
  A two-headed ogre (D:9)
  2 death yaks (Lair:6)
  16 alligators
  An orc high priest (Swamp:2)
  Urug (Lair:4)
  The ghost of Andry07 the Fighter, a novice GrFi of Okawaru (D:9)
  The ghost of Rurstahk the Poker, a novice DsBe of Trog (D:8)
  11 swamp dragons
  3 wolf spiders
  Pikel (D:4)
  A deep elf mage (D:9)
  4 oklob plants (Lair:6)
  36 elephants
  A guardian serpent (Lair:6)
  2 centaur zombies (D:10)
  28 spiny frogs
  Joseph (D:8)
  9 black mambas
  A centaur skeleton (D:7)
  7 komodo dragons
  A rime drake (Lair:6)
  A jumping spider (Lair:2)
  2 trolls (D:9)
  A queen bee (D:10)
  10 polar bears
  Prince Ribbit (D:8)
  15 hornets
  14 blink frogs
  Grinder (D:6)
  4 tyrant leeches
  3 raiju (Lair:6)
  6 slime creatures (Swamp:2)
  4 hippogriffs
  6 dream sheep (Lair:6)
  6 bog bodies
  10 yaks
  3 redbacks (Lair:6)
  A wraith (D:9)
  A shadow (Swamp:2)
  12 spriggans
  11 wyverns
  4 basilisks
  A human (D:7)
  4 hogs (D:7)
  A hungry ghost (D:7)
  18 vampire mosquitoes
  Menkaure (D:5)
  6 wargs (Lair:6)
  6 insubstantial wisps
  17 swamp worms
  22 water moccasins
  Duvessa (D:6)
  12 hell hounds (Lair:6)
  4 porcupines
  4 ice beasts
  2 orc warriors
  4 swamp drakes
  2 sky beasts
  A slave (D:3)
  10 black bears (Lair:6)
  A phantom (D:5)
  3 ogres
  23 wolves
  4 centaurs
  2 big kobolds
  7 crocodiles
  10 bullfrogs
  Blork the orc (D:6)
  A wyvern zombie (D:8)
  Dowan (D:6)
  A wyvern skeleton (D:9)
  22 killer bees
  5 wights (D:9)
  6 howler monkeys
  5 electric eels
  5 crimson imps
  A bullfrog zombie (D:5)
  2 orc priests (D:10)
  7 hounds
  2 bullfrog skeletons
  A jelly (D:9)
  3 iguanas
  4 orc wizards
  5 hell rats (Lair:3)
  6 worker ants
  A hound zombie (D:7)
  8 gnolls (D:4)
  8 adders
  A shadow imp (D:8)
  An adder skeleton (D:6)
  5 worms
  2 dart slugs
  5 leopard geckos
  16 orcs
  5 giant cockroaches
  14 goblins
  9 hobgoblins
  12 jackals
  A quokka (D:4)
  5 ball pythons
  8 bats
  4 frilled lizards
  20 kobolds
  A leopard gecko skeleton (D:4)
  14 rats
  A briar patch (Swamp:2)
  A fungus (Lair:6)
652 creatures vanquished.

Vanquished Creatures (others)
  A black bear (Lair:6)
  An orc (D:4)
  42 fungi
  54 plants
98 creatures vanquished.

Grand Total: 750 creatures vanquished

Notes
Turn   | Place    | Note
-------+----------+-------------------------------------------
     0 | D:1      | Andry07 the Gargoyle Fighter began the quest for the Orb.
     0 | D:1      | Reached XP level 1. HP: 14/14 MP: 1/1
   112 | D:1      | Reached XP level 2. HP: 13/19 MP: 2/2
   453 | D:1      | Reached XP level 3. HP: 20/23 MP: 3/3
   738 | D:2      | Reached skill level 4 in Fighting
   738 | D:2      | Reached XP level 4. HP: 20/29 MP: 4/4
  1583 | D:3      | Reached XP level 5. HP: 32/34 MP: 5/5
  2250 | D:4      | Noticed a slave
  2251 | D:4      | Noticed a slave
  2251 | D:4      | Noticed a slave
  2251 | D:4      | Noticed Pikel
  2251 | D:4      | Noticed a slave
  2296 | D:3      | Killed a slave
  2500 | D:4      | Found Gammoebb's Distillery.
  2504 | D:4      | Bought a potion of heal wounds for 55 gold pieces
  2504 | D:4      | Bought a potion of berserk rage for 55 gold pieces
  2540 | D:4      | Reached skill level 5 in Fighting
  2698 | D:4      | Killed Pikel
  2698 | D:4      | Reached skill level 6 in Fighting
  2698 | D:4      | Reached skill level 5 in Armour
  2698 | D:4      | Reached XP level 6. HP: 42/42 MP: 6/6
  2698 | D:4      | Reached XP level 7. HP: 47/47 MP: 7/7
  3017 | D:4      | Found a white marble altar of Elyvilon.
  3093 | D:4      | Reached skill level 7 in Fighting
  3246 | D:4      | Reached XP level 8. HP: 52/53 MP: 8/8
  4067 | D:5      | Entered Level 5 of the Dungeon
  4107 | D:5      | Found a bloodstained altar of Trog.
  4232 | D:5      | Reached skill level 5 in Maces & Flails
  4417 | D:5      | Noticed Menkaure
  4440 | D:5      | HP: 2/54 [Menkaure (8)]
  4443 | D:5      | Killed Menkaure
  4443 | D:5      | Reached skill level 8 in Fighting
  5027 | D:6      | Noticed Grinder
  5147 | D:4      | Bought a potion of ambrosia for 88 gold pieces
  5333 | D:6      | Paralysed by Grinder for 7 turns
  5349 | D:6      | Killed Grinder
  5349 | D:6      | Reached skill level 9 in Fighting
  5349 | D:6      | Reached XP level 9. HP: 59/60 MP: 9/9
  5364 | D:6      | Noticed Duvessa
  5364 | D:6      | Noticed Dowan
  5407 | D:6      | Killed Duvessa
  5412 | D:6      | Killed Dowan
  5514 | D:6      | Found a glowing silver altar of Zin.
  5515 | D:6      | Found a shadowy altar of Dithmenos.
  5648 | D:6      | Noticed Blork the orc
  5658 | D:6      | Killed Blork the orc
  5702 | D:6      | Found an iron altar of Okawaru.
  5717 | D:6      | Became a worshipper of Warmaster Okawaru
  5844 | D:6      | Found a staircase to the Ecumenical Temple.
  6022 | Temple   | Entered the Ecumenical Temple
  6659 | D:7      | Gained mutation: Your flesh is heat resistant. (rF+) [mutagenic meat]
  6660 | D:7      | Gained mutation: You are partially covered in yellow scales. (AC +2) [mutagenic meat]
  6685 | D:7      | Found a glowing golden altar of the Shining One.
  6826 | D:7      | Reached skill level 10 in Fighting
  6889 | D:7      | Reached * piety under Okawaru
  6996 | D:7      | Reached XP level 10. HP: 28/68 MP: 10/10
  7860 | D:8      | Noticed Rurstahk's ghost (novice DsBe)
  7907 | D:8      | Killed Rurstahk's ghost
  7907 | D:8      | Reached ** piety under Okawaru
  7907 | D:8      | Reached skill level 11 in Fighting
  7907 | D:8      | Reached skill level 5 in Shields
  8198 | D:8      | Found a blossoming altar of Fedhas.
  8215 | D:8      | Noticed Joseph
  8241 | D:8      | Killed Joseph
  8790 | D:8      | Noticed Prince Ribbit
  8798 | D:8      | Killed Prince Ribbit
  8915 | D:9      | Reached *** piety under Okawaru
  9153 | D:9      | Noticed a deep elf mage
  9157 | D:9      | Noticed an orange demon
  9335 | D:9      | Noticed Andry07's ghost (novice GrFi)
 10018 | D:9      | Noticed a two-headed ogre
 10032 | D:9      | Killed a two-headed ogre
 10032 | D:9      | Reached **** piety under Okawaru
 10032 | D:9      | Reached XP level 11. HP: 40/76 MP: 11/11
 10190 | D:9      | Reached skill level 10 in Armour
 10262 | D:9      | Found a shimmering altar of Xom.
 10322 | D:9      | Reached skill level 14 in Fighting
 10322 | D:9      | Reached XP level 12. HP: 85/86 MP: 12/12
 10381 | D:9      | Killed Andry07's ghost
 10424 | D:9      | Found a staircase to the Lair.
 10709 | D:10     | Entered Level 10 of the Dungeon
 10835 | Lair:1   | Entered Level 1 of the Lair of Beasts
 10846 | Lair:1   | Reached ***** piety under Okawaru
 11446 | Lair:1   | Noticed a seven-headed hydra
 11818 | D:10     | Found Asuinoah's General Store.
 11822 | D:10     | Bought a scroll of enchant weapon for 120 gold pieces
 11822 | D:10     | Bought a potion of heal wounds for 80 gold pieces
 11962 | D:10     | Noticed Erica
 11980 | D:10     | Killed Erica
 12152 | D:10     | Noticed Maurice
 12158 | D:10     | Paralysed by Maurice for 4 turns
 12167 | D:10     | Paralysed by Maurice for 6 turns
 12252 | D:10     | Reached skill level 1 in Invocations
 12802 | Lair:1   | Killed a one-headed hydra
 13279 | Lair:2   | Reached skill level 5 in Invocations
 13368 | Lair:2   | Noticed a four-headed hydra
 13384 | Lair:2   | Killed a four-headed hydra
 13384 | Lair:2   | Received a gift from Okawaru
 13384 | Lair:2   | Reached XP level 13. HP: 29/91 MP: 14/17
 13692 | Lair:2   | Found a hole to the Spider Nest.
 14479 | Lair:2   | Reached skill level 10 in Maces & Flails
 16163 | Lair:4   | Noticed Urug
 16188 | Lair:4   | Killed Urug
 16659 | Lair:4   | Received a gift from Okawaru
 16693 | Lair:4   | Found a staircase to the Swamp.
 17410 | Lair:4   | Noticed a dire elephant
 17440 | Lair:4   | Killed a dire elephant
 18107 | Lair:5   | Found a staircase to the Slime Pits.
 18130 | Lair:5   | Gained mutation: Your large and strong wings let you fly indefinitely. [Gargoyle growth]
 18130 | Lair:5   | Reached XP level 14. HP: 83/96 MP: 20/20
 18153 | Lair:5   | Reached ****** piety under Okawaru
 18581 | Lair:5   | Found a deep blue altar of Sif Muna.
 18974 | Lair:5   | Received a gift from Okawaru
 19177 | Lair:5   | Got an encrusted hunting sling {god gift}
 19178 | Lair:5   | Identified the +8 hunting sling "Qeosaost" {freeze, -Tele +Inv rPois} (Okawaru gifted it to you on level 5 of the Lair of Beasts)
 19598 | Lair:5   | Reached skill level 10 in Shields
 19764 | Lair:6   | Entered Level 6 of the Lair of Beasts
 19788 | Lair:6   | Noticed Lysie's ghost (journeyman MiFi)
 19952 | Lair:6   | Killed Lysie's ghost
 20003 | Lair:6   | Noticed Voland's ghost (journeyman DEWz)
 20141 | Lair:6   | Received a gift from Okawaru
 20268 | Lair:6   | Received a gift from Okawaru
 20320 | Lair:6   | Got a pair of bloodstained boots {god gift}
 20326 | Lair:6   | Identified the +0 pair of boots of Insurance {rF- Regen+ rCorr Int+7} (Okawaru gifted it to you on level 6 of the Lair of Beasts)
 21181 | Lair:6   | Killed Voland's ghost
 21244 | Lair:6   | Reached XP level 15. HP: 97/101 MP: 21/21
 21510 | Lair:6   | Reached skill level 15 in Fighting
 21948 | Lair:5   | Received a gift from Okawaru
 22009 | Lair:5   | Got an ancient morningstar {god gift}
 22010 | Lair:5   | Identified the +5 morningstar of Jig Hoji {drain, rF+ Int-3 Dex+3} (Okawaru gifted it to you on level 5 of the Lair of Beasts)
 22225 | Lair:6   | Reached skill level 16 in Fighting
 22796 | Swamp:1  | Entered Level 1 of the Swamp
 22828 | Swamp:1  | Received a gift from Okawaru
 22954 | Lair:4   | Reached skill level 17 in Fighting
 23079 | Swamp:1  | Received a gift from Okawaru
 23367 | Swamp:1  | Received a gift from Okawaru
 23922 | Swamp:2  | Reached XP level 16. HP: 85/112 MP: 22/22
 24160 | Swamp:2  | Received a gift from Okawaru
 24331 | Swamp:2  | Reached skill level 15 in Maces & Flails
 24799 | Swamp:2  | Noticed a thorn hunter
 24816 | Swamp:2  | Killed a thorn hunter
 25331 | Swamp:3  | Received a gift from Okawaru
 25498 | Swamp:4  | Entered Level 4 of the Swamp
 25715 | Swamp:4  | Noticed ikselatri's ghost (adept MiBe)
 25879 | Swamp:4  | Slain by ikselatri's ghost

Skill      XL: |  1  2  3  4  5  6  7  8  9 10 11 12 13 14 15 16 |
---------------+-------------------------------------------------+-----
Armour         | 4 5 6 7 8 9 10 11 13 | 13.4
Fighting       | 4 6 7 9 10 11 14 17 | 17.1
Maces & Flails | 3 4 6 7 8 9 13 14 15 | 15.1
Shields        | 4 6 8 12 14 | 14.0
Invocations    | 6 8 |  8.1

Action                   |  1- 3 |  4- 6 |  7- 9 | 10-12 | 13-15 | 16-18 || total
-------------------------+-------+-------+-------+-------+-------+-------++-------
Melee: Flail             |   138 |   230 |   454 |   754 |  1522 |       ||  3098
       Scimitar          |       |       |       |    10 |    17 |       ||    27
       Great mace        |       |       |       |       |     8 |       ||     8
       Morningstar       |       |       |       |       |   452 |   119 ||   571
       Demon whip        |       |       |       |       |       |   327 ||   327
Throw: Tomahawk          |       |       |       |       |     3 |       ||     3
Invok: Heroism           |       |       |       |     2 |    11 |       ||    13
       Finesse           |       |       |       |       |     2 |       ||     2
 Abil: Fly               |       |       |       |       |     1 |       ||     1
Evoke: Wand              |       |       |       |       |     2 |       ||     2
       Lightning rod     |       |       |       |       |     4 |       ||     4
       Lamp of fire      |       |       |       |       |     1 |       ||     1
  Use: Potion            |       |     2 |       |     1 |     3 |       ||     6
       Scroll            |       |       |     8 |    10 |     9 |     4 ||    31
  Eat: Chunk             |       |     6 |    10 |    11 |    32 |     4 ||    63
       Royal jelly       |       |       |     1 |     2 |       |       ||     3
       Fruit             |       |       |     1 |     3 |     5 |     2 ||    11
       Bread ration      |       |       |     1 |       |       |       ||     1
       Meat ration       |       |       |       |     1 |       |       ||     1
Armor: Scale mail        |    90 |   178 |   252 |   293 |    58 |       ||   871
       Plate armour      |       |       |       |       |   374 |       ||   374
       Ice dragon scales |       |       |       |       |   691 |   208 ||   899
Dodge: Dodged            |    47 |    81 |   122 |   219 |   712 |   117 ||  1298
Block: Shield            |    65 |   111 |   246 |   554 |  1501 |   216 ||  2693
       Reflection        |       |       |     8 |     7 |     4 |       ||    19
       Other             |       |       |       |       |     3 |       ||     3
       Rpst.: Scimitar   |       |       |       |     1 |       |       ||     1
